 Dungeon Crawl Stone Soup version 0.30-a0-585-g93115170b9 (webtiles) character file.

Game seed: 1173482142451864654

212 spardeous the Changer (level 5, -1/21 HPs)
             Began as a Felid Earth Elementalist on Jan 2, 2023.
             Slain by a hound (6 damage)
             ... on level 4 of the Dungeon.
             The game lasted 00:04:18 (3317 turns).

spardeous the Changer (Felid Earth Elementalist)    Turns: 3317, Time: 00:04:18

Health: -1/21      AC:  1    Str:  4    XL:     5   Next: 58%
Magic:  3/12       EV: 17    Int: 18    God:
Gold:   195        SH:  0    Dex: 17    Spells: 8/12 levels left
                                        Lives:  0   Deaths: 1

rFire   . . .      SeeInvis +    (weapon unavailable)
rCold   . . .      Faith    .    (shield unavailable)
rNeg    + . .      Spirit   .    (body armour unavailable)
rPois   .          Reflect  .    (helmet unavailable)
rElec   .          Harm     .    (cloak unavailable)
rCorr   +          Rampage  .    (gloves unavailable)
Will    .....                    (boots unavailable)
Stlth   ++                       (no amulet)
HPRegen 0.23/turn                b - ring of resist corrosion
MPRegen 0.13/turn                i - ring of positive energy

@: quick
A: very small, claws 1, fangs 3, see invisible, speed 1, shaggy fur 1, stealthy
paws, no weapons or thrown items, no armour, multi-lived
a: no special abilities


You were on level 4 of the Dungeon.
You visited 1 branch of the dungeon, and saw 4 of its levels.

You collected 195 gold pieces.

Inventory:

Jewellery
 b - a ring of resist corrosion (left paw)
 i - a ring of positive energy (right paw)
 s - a +6 ring of strength
Wands
 r - a wand of light (7)
Scrolls
 c - 3 scrolls of teleportation {unknown}
 d - 2 scrolls of vulnerability {unknown}
 e - a scroll of noise {unknown}
 f - a scroll of immolation {unknown}
 g - 2 scrolls of butterflies {unknown}
 j - a scroll of enchant weapon {unknown}
 k - a scroll of blinking {unknown}
 l - 2 scrolls of fog {unknown}
 o - 2 scrolls of magic mapping {unknown}
 t - a scroll of enchant armour {unknown}
Potions
 a - 3 potions of magic
 h - 3 potions of attraction {unknown}
 m - a potion of flight {unknown}
 n - 2 potions of curing
 p - 2 potions of degeneration {unknown}
 q - a potion of brilliance {unknown}


   Skills:
 - Level 2.6 Dodging
 - Level 2.6 Stealth
 + Level 4.3 Spellcasting
 + Level 4.6 Transmutations
 - Level 2.6 Earth Magic


You had 8 spell levels left.
You knew the following spells:

 Your Spells              Type           Power      Damage    Failure   Level
a - Sandblast             Erth           26%        2d8       4%          1
b - Stone Arrow           Conj/Erth      16%        3d8       24%         3

Your spell library contained the following spells:

 Spells                   Type           Power      Damage    Failure   Level
 Passwall                 Tmut/Erth      14%        N/A       4%          2
 Petrify                  Tmut/Erth      17%        N/A       30%         4


Dungeon Overview and Level Annotations

Branches:
Dungeon (4/15)
 Temple: D:4-7

Altars:
Fedhas
Okawaru

Shops:
D:4 !


Innate Abilities, Weirdness & Mutations

You have sharp claws.
You have razor-sharp teeth.
You have supernaturally acute eyesight. (SInv)
You cover ground quickly. (Speed+)
You are covered in fur. (AC +1)
Your paws help you pounce on unaware monsters.
You are incapable of wielding weapons or throwing items.
You cannot wear armour.
You gain extra lives every three experience levels.


Message History

The hound is almost dead.
The hound misses you. The hound bites you. The hound barely misses you.
The hound bites you.
Casting: Sandblast (safe; 4% risk of failure)
Confirm with . or Enter, or press ? or * to list all spells.
Aiming: Sandblast (safe; 4% risk of failure)
Press: ? - help, Shift-Dir - straight line, f/p - hound
Aim: a hound (almost dead, 75% to hit)
The blast of sand hits the hound!
You kill the hound!
The hound bites you.
* * * LOW HITPOINT WARNING * * *
The hound bites you.
* * * LOW HITPOINT WARNING * * *
Casting: Sandblast (safe; 4% risk of failure)
Confirm with . or Enter, or press ? or * to list all spells.
Aiming: Sandblast (safe; 4% risk of failure)
Press: ? - help, Shift-Dir - straight line, f - hound
Aim: a hound (75% to hit)
The blast of sand misses the hound.
The hound closely misses you. The hound misses you.
You feel better. The hound misses you. The hound barely misses you.
Casting: Sandblast (safe; 4% risk of failure)
Confirm with . or Enter, or press ? or * to list all spells.
Aiming: Sandblast (safe; 4% risk of failure)
Press: ? - help, Shift-Dir - straight line, f/p - hound
Aim: a hound (75% to hit)
The blast of sand hits the hound.
The hound is lightly wounded.
The hound bites you. x2
* * * LOW HITPOINT WARNING * * *
Casting: Sandblast (safe; 4% risk of failure)
Confirm with . or Enter, or press ? or * to list all spells.
Aiming: Sandblast (safe; 4% risk of failure)
Press: ? - help, Shift-Dir - straight line, f/p - hound
Aim: a hound (lightly wounded, 75% to hit)
The blast of sand hits the hound.
The hound is moderately wounded.
The hound bites you.
You die...

#...##.........
#)..#.........#
..............#
..............#
..............#
.......$......#
......†h......#
#.@......#
##.......#
#.......#
##......#
#......#
######.....#
###
##..........#
..###
###...........#
....##
#.............#


You could see a hound.

Vanquished Creatures
  2 hounds (D:4)
  An orc priest (D:4)
  Natasha (thrice) (D:3)
  A gnoll (D:4)
  An adder (D:3)
  A worm (D:2)
  4 dart slugs
  2 orcs
  5 ball pythons
  4 bats
  7 endoplasms
  2 giant cockroaches
  6 goblins
  6 hobgoblins
  2 jackals (D:1)
  A quokka (D:3)
  5 frilled lizards (D:1)
  6 kobolds
  11 rats
70 creatures vanquished.

Vanquished Creatures (others)
  A plant (D:4)
1 creature vanquished.

Grand Total: 71 creatures vanquished

Notes
Turn   | Place    | Note
-------+----------+-------------------------------------------
     0 | D:1      | spardeous the Felid Earth Elementalist began the quest for
                  | the Orb.
     0 | D:1      | Reached XP level 1. HP: 7/7 MP: 4/4
   224 | D:1      | Reached XP level 2. HP: 11/11 MP: 3/6
   895 | D:1      | Reached XP level 3. HP: 12/14 MP: 8/8
  1046 | D:2      | Learned a level 3 spell: Stone Arrow
  1060 | D:2      | Found an iron altar of Okawaru.
  1938 | D:3      | Noticed Natasha
  1943 | D:3      | Killed Natasha
  1944 | D:3      | Reached XP level 4. HP: 9/18 MP: 5/9
  2109 | D:3      | Noticed Natasha
  2116 | D:3      | Slain by Natasha
  2117 | D:3      | Reached XP level 3. HP: 0/14 MP: 5/8
  2516 | D:3      | Killed Natasha
  2517 | D:3      | Reached XP level 4. HP: 9/18 MP: 2/10
  2711 | D:3      | Found a blossoming altar of Fedhas.
  2823 | D:3      | Noticed Natasha
  2829 | D:3      | Killed Natasha
  3070 | D:4      | Reached XP level 5. HP: 21/21 MP: 7/12
  3247 | D:4      | Found Esostuen's Distillery.
  3317 | D:4      | Slain by a hound

Illustrated notes

Levels and vault maps discovered:
D:1:      shiori_arrival_maze, layout_basic, minivault_14
D:2:      layout_loops_ring, basic_altar
D:3:      layout_basic, lemuel_round_altar, uniq_natasha
D:4:      layout_cave_pods, mainiacjoe_overflow_brackets,
          mainiacjoe_overflow_big_doors, serial_shops, shop

Skill      XL: |  1  2  3  4 |
---------------+-------------+-----
Transmutations | 2 3 4 |  4.6
Spellcasting   | 3 4 |  4.3
Dodging        | |  2.6
Stealth        | |  2.6
Earth Magic    | |  2.6

Action                   |  1- 3 |  4- 6 || total
-------------------------+-------+-------++-------
Melee: Unarmed           |     2 |       ||     2
 Cast: Sandblast         |    88 |    49 ||   137
  Use: Potion            |       |     1 ||     1
 Stab: Sleeping          |     1 |       ||     1
Armor: Skin              |     4 |     1 ||     5
Dodge: Dodged            |    35 |    33 ||    68

Table legend: (Time is in decaauts)
 A = Elapsed time spent in this place.
 B = Non-inter-level travel time spent in this place.
 C = Inter-level travel time spent in this place.
 D = Time resting spent in this place.
 E = Time spent auto-exploring this place.
 F = Levels seen in this place.
 G = Mean time per level.
                   A        B        C        D        E       F      G
               +--------+--------+--------+--------+--------+-----+--------+
         Total |   2963 |   2846 |    117 |    131 |   2269 |   4 |  740.8 |
       Dungeon |   2963 |   2846 |    117 |    131 |   2269 |   4 |  740.8 |
               +--------+--------+--------+--------+--------+-----+--------+

Top non-repeatable levels by time:
     D:3: 995 daAuts
     D:1: 915 daAuts
     D:2: 719 daAuts
     D:4: 332 daAuts
